 Dungeon Crawl Stone Soup version 0.28.0-43-g3370ac3207 (webtiles) character file.

Game seed: 14244843227148068185

903 tizbic2 the Shooter (level 7, -2/60 HPs)
             Began as a Grey Draconian Hunter on Mar 11, 2022.
             Slain by Duvessa
             ... wielding a +0 rapier
              (6 damage)
             ... on level 4 of the Dungeon.
             The game lasted 00:17:25 (4091 turns).

tizbic2 the Shooter (Grey Draconian Hunter)         Turns: 4091, Time: 00:17:26

Health: -2/60      AC: 12    Str: 15 (16) XL:     7   Next: 80%
Magic:  7/7        EV: 13    Int: 11      God:
Gold:   123        SH:  0    Dex: 12      Spells: 6/6 levels left

rFire   . . .      SeeInvis .   a - +0 dagger (speed)
rCold   . . .      Faith    .   (no shield)
rNeg    . . .      Spirit   .   (armour unavailable)
rPois   .          Reflect  .   (helmet restricted)
rElec   .          Harm     .   (no cloak)
rCorr   .          Rampage  .   o - +0 pair of gloves
Will    .....                   (no boots)
Stlth   +.........              (no amulet)
HPRegen 0.20/turn               (no ring)
MPRegen 0.10/turn               (no ring)

@: flying
A: AC +11, amphibious, unfitting armour, cold-blooded
a: no special abilities


You were on level 4 of the Dungeon.
You visited 1 branch of the dungeon, and saw 4 of its levels.

You collected 123 gold pieces.

Inventory:

Hand Weapons
 a - a +0 dagger of speed (weapon)
 n - a +0 mace
 w - a +2 shortbow
Missiles
 c - 19 arrows
 f - a throwing net (quivered)
 k - 6 atropa-tipped darts
Armour
 o - a +0 pair of gloves (worn)
Jewellery
 d - a ring of fire
Wands
 e - a wand of flame (8)
Scrolls
 h - 3 scrolls of vulnerability
 l - a scroll of immolation {unknown}
 p - 3 scrolls of identify {unknown}
Potions
 g - a potion of degeneration
 i - a potion of ambrosia {unknown}
 j - a potion of cancellation {unknown}
 m - a potion of attraction {unknown}
 q - a potion of brilliance {unknown}


   Skills:
 + Level 4.9 Fighting
 + Level 2.9 Short Blades
 - Level 1.3 Maces & Flails
 * Level 6.4 Bows
 + Level 4.0 Dodging
 - Level 0.8 Stealth


You had 6 spell levels left.
You didn't know any spells.
Your spell library contained the following spells:

 Spells                   Type           Power      Damage    Failure   Level
 Confusing Touch          Hex            0%         N/A       71%         3
 Olgreb's Toxic Radiance  Pois           0%         N/A       98%         4
 Yara's Violent Unravell  Hex/Tmut       0%         3d3       100%        5
 Enfeeble                 Hex            0%         N/A       100%        7
 Ozocubu's Refrigeration  Ice            0%         4d5       100%        7
 Ignition                 Fire           0%         3d3       100%        8


Dungeon Overview and Level Annotations

Branches:
Dungeon (4/15)
 Temple: D:4-7

Altars:
Sif Muna

Annotations:
D:4 Dowan, Duvessa


Innate Abilities, Weirdness & Mutations

Your dull iron-grey scales are very hard. (AC +11)
You are amphibious.
You cannot fit into any form of body armour.
You are cold-blooded and may be slowed by cold attacks.


Message History

Duvessa is heavily wounded.
Duvessa barely misses you.
You hit Duvessa.
Duvessa is severely wounded.
Dowan closely misses you.
You hit Duvessa but do no damage.
Duvessa is severely wounded.
Duvessa hits you with a +0 rapier.
You closely miss Duvessa.
Your tail-slap misses Duvessa.
Duvessa is severely wounded.
Duvessa completely misses you. Dowan barely misses you.
You hit Duvessa but do no damage.
Duvessa is heavily wounded.
Duvessa barely misses you.
You barely miss Duvessa.
Your tail-slap misses Duvessa.
Duvessa is heavily wounded.
Dowan hits you but does no damage. Duvessa closely misses you.
You hit Duvessa.
Duvessa is severely wounded.
Duvessa hits you with a +0 rapier!
You hit Duvessa.
Duvessa is severely wounded.
Dowan gestures at you while chanting. The puff of flame hits you!
* * * LOW HITPOINT WARNING * * *
You hit Duvessa but do no damage.
Duvessa is severely wounded.
Duvessa hits you but does no damage.
You hit Duvessa but do no damage.
You tail-slap Duvessa, but do no damage.
Duvessa is severely wounded.
Duvessa hits you with a +0 rapier!
* * * LOW HITPOINT WARNING * * *
Dowan points at you and mumbles some strange words.
The puff of frost hits you.
* * * LOW HITPOINT WARNING * * *
It was a potion of flight.
You feel very buoyant.
You fly up into the air.
Duvessa hits you with a +0 rapier.
You die...

$...........#.†.#....#.#
........................
...............>........
#............).........#
#...................##
#.....................
#...................##
#.....................
#...(@..............##
.....(.ee............##
.....#.#(..#...........
.........(...........#.
.......$........ .......
....... ....... .......
...... .......


You could see Duvessa (fast) and Dowan.

Vanquished Creatures
  Pikel (D:4)
  Pargi (D:4)
  A lemure (D:4)
  A bullfrog zombie (D:3)
  A hound (D:4)
  2 iguanas (D:4)
  Natasha (thrice) (D:2)
  8 adders
  A gnoll (D:1)
  2 worms (D:2)
  2 dart slugs
  3 orcs (D:4)
  7 ball pythons
  6 bats
  7 endoplasms
  5 giant cockroaches
  6 hobgoblins
  6 jackals (D:1)
  A quokka (D:4)
  2 frilled lizards (D:1)
  7 goblins
  10 kobolds
  3 rats
86 creatures vanquished.

Notes
Turn   | Place    | Note
-------+----------+-------------------------------------------
     0 | D:1      | tizbic2 the Draconian Hunter began the quest for the Orb.
     0 | D:1      | Reached XP level 1. HP: 17/17 MP: 1/1
   337 | D:1      | Reached XP level 2. HP: 25/25 MP: 2/2
   684 | D:1      | Reached skill level 4 in Bows
   945 | D:1      | Reached XP level 3. HP: 30/30 MP: 3/3
  1346 | D:2      | Noticed Natasha
  1354 | D:2      | Killed Natasha
  1355 | D:2      | Reached XP level 4. HP: 24/38 MP: 4/4
  1481 | D:2      | Found a shimmering blue altar of Sif Muna.
  1636 | D:2      | Noticed Natasha
  1645 | D:2      | Killed Natasha
  2035 | D:2      | Noticed Natasha
  2039 | D:2      | Reached skill level 1 in Maces & Flails
  2052 | D:2      | Killed Natasha
  2053 | D:2      | Reached XP level 5. HP: 25/45 MP: 5/5
  3020 | D:3      | Reached skill level 5 in Bows
  3305 | D:4      | Reached skill level 1 in Short Blades
  3333 | D:4      | Reached XP level 6. HP: 47/52 MP: 6/6
  3625 | D:4      | Noticed Pikel
  3700 | D:4      | Killed Pikel
  3701 | D:4      | Reached skill level 6 in Bows
  3701 | D:4      | Your scales start taking on a dull iron-grey colour.
  3701 | D:4      | Reached XP level 7. HP: 29/60 MP: 7/7
  3878 | D:4      | Noticed Pargi
  3905 | D:4      | Killed Pargi
  4062 | D:4      | Noticed Duvessa
  4066 | D:4      | Noticed Dowan
  4091 | D:4      | Slain by Duvessa

Illustrated notes

Levels and vault maps discovered:
D:1:      mushboom_english_gardens, layout_basic, roderic_serpentine_path
D:2:      layout_loops_corners, basic_altar, fountainhead,
          mrwooster_statue_mirror, uniq_natasha
D:3:      layout_loops_ring
D:4:      layout_rooms, serial_corexii_hall, corexii_hall_statues_t,
          corexii_hall_statues_x, uniq_pargi, uniq_duvessa, uniq_pikel,
          uniq_edmund, uniq_sigmund

Skill      XL: |  1  2  3  4  5  6  7 |
---------------+----------------------+-----
Dodging        | 2 3 4 |  4.0
Bows           | 4 5 6 |  6.4
Fighting       | 3 4 |  4.9
Maces & Flails | 1 |  1.3
Short Blades   | 1 2 |  2.9
Stealth        | |  0.8

Action                   |  1- 3 |  4- 6 |  7- 9 || total
-------------------------+-------+-------+-------++-------
Melee: Short sword       |     1 |       |       ||     1
       Mace              |    24 |    25 |       ||    49
       Tailslap          |     1 |    18 |     2 ||    21
       Punch             |       |     3 |     1 ||     4
       Dagger            |       |    96 |    14 ||   110
 Fire: Shortbow          |    74 |    99 |    61 ||   234
  Use: Scroll            |       |     5 |       ||     5
       Potion            |       |     5 |     1 ||     6
 Stab: Sleeping          |       |     1 |       ||     1
Armor: Skin              |     6 |    43 |    24 ||    73
Dodge: Dodged            |    31 |    97 |    41 ||   169
